 Dungeon Crawl Stone Soup version 0.31.0-9-g3a7656b989 (console) character file.

Game seed: 14288664211421095956

206 AlterAsc the Sneak (level 6, 0/32 HPs)
             Began as a Kobold Enchanter on Jan 28, 2024.
             Was a Follower of Makhleb.
             Slain by an orc
             ... wielding a +0 whip
              (5 damage)
             ... on level 4 of the Dungeon.
             The game lasted 00:08:44 (2594 turns).

AlterAsc the Sneak (Kobold Enchanter)               Turns: 2594, Time: 00:08:45

Health: 0/32       AC:  4    Str:  6    XL:     6   Next: 10%
Magic:  7/9        EV: 15    Int: 16    God:    Makhleb [*.....]
Gold:   206        SH:  0    Dex: 23    Spells: 4/9 levels left

rFire   . . .        t - +0 dagger (drain)
rCold   + . .        (no shield)
rNeg    . . .        b - +0 robe
rPois   .            (no helmet)
rElec   .            m - +0 cloak
rCorr   .            (no gloves)
SInv    .            s - +0 pair of boots
Will    .....        (no amulet)
Stlth   +++++        n - +6 ring of dexterity
HPRegen 0.25/turn    v - ring of protection from cold
MPRegen 0.11/turn

%: no passive effects
@: no status effects
A: small, no large weapons, nightstalker 3
a: Renounce Religion


You were on level 4 of the Dungeon.
You worshipped Makhleb.
Makhleb was aware of your devotion.
You visited 2 branches of the dungeon, and saw 5 of its levels.

You collected 206 gold pieces.

Inventory:

Hand Weapons
 a - a +1 dagger
 t - a +0 dagger of draining (weapon)
Missiles
 o - a throwing net (quivered)
Armour
 b - a +0 robe (worn)
 m - a +0 cloak (worn)
 s - a +0 pair of boots (worn)
Jewellery
 j - an amulet of magic regeneration
 n - a +6 ring of dexterity (left hand)
 v - a ring of protection from cold (right hand)
Scrolls
 d - 2 scrolls of vulnerability {unknown}
 e - 5 scrolls of identify {unknown}
 h - 2 scrolls of teleportation {unknown}
 i - 2 scrolls of poison {unknown}
 l - 3 scrolls of fog {unknown}
 q - a scroll of revelation {unknown}
 r - a scroll of torment {unknown}
Potions
 c - 2 potions of invisibility
 f - a potion of enlightenment {unknown}
 g - 4 potions of attraction {unknown}
 k - a potion of curing {unknown}
 p - a potion of mutation {unknown}
 u - a potion of heal wounds {unknown}


   Skills:
 + Level 4.5 Short Blades
 - Level 2.4 Dodging
 + Level 5.8 Stealth
 - Level 2.1 Spellcasting
 + Level 4.2 Hexes
 - Level 1.0 Ice Magic


You had 4 spell levels left.
You knew the following spells:

 Your Spells              Type           Power      Damage    Failure   Level
a - Ensorcelled Hibernat  Hex/Ice        20%        N/A       11%         2
b - Confusing Touch       Hex            15%        N/A       11%         3

Your spell library contained the following spells:

 Spells                   Type           Power      Damage    Failure   Level
 Tukima's Dance           Hex            15%        N/A       11%         3
 Dazzling Flash           Conj/Hex       16%        N/A       26%         3
 Inner Flame              Hex/Fire       8%         N/A       26%         3
 Fugue of the Fallen      Necr           1%         N/A       52%         3
 Stone Arrow              Conj/Erth      2%         3d7       52%         3
 Anguish                  Hex/Necr       4%         N/A       65%         4
 Animate Armour           Summ/Erth      2%         N/A       90%         4
 Irradiate                Conj/Alch      0%         3d11      99%         5
 Ignition                 Fire           0%         3d3       100%        8
 Lehudib's Crystal Spear  Conj/Erth      0%         10d2      100%        8


Dungeon Overview and Level Annotations

Branches:
Dungeon (4/15)             Temple (1/1) D:4

Altars:
Ashenzari
Cheibriados
Elyvilon
Fedhas
Hepliaklqana
Makhleb
Ru
Sif Muna
Trog
Wu Jian
Xom
Yredelemnul


Innate Abilities, Weirdness & Mutations

You are small and have problems with some larger weapons.
You are completely attuned to the shadows.


Message History

There is a staircase to the Ecumenical Temple here.
Found a great sword.
Found a stone staircase leading down.
A giant cockroach comes into view.
You hear the rusting of a drain nearby.
Found 12 gold pieces.
The helpless giant cockroach fails to defend itself.
You skewer the giant cockroach like a kebab!!!
You kill the giant cockroach!
Makhleb accepts your kill.
No target in view!
You pick up a book of Spontaneous Combustion and begin reading...
You add the spells Inner Flame, Irradiate and Ignition to your library.
An orc and a kobold come into view.
The kobold is wielding a +0 short sword of holy wrath.
The orc priest shouts!
The orc shouts!
The orc priest looks satisfied for a moment.
The orc shouts!
The kobold shouts!
The orc priest calls down the wrath of Beogh upon you.
Beogh smites you! The orc hits you with a +0 dagger. The orc barely misses you.
The orc priest calls down the wrath of Beogh upon you.
Pain shoots through your body!
* * * LOW HITPOINT WARNING * * *
The orc barely misses you.
You see here 12 gold pieces.
The orc attacks as it pursues you! The orc hits you but does no damage.
The orc priest closely misses you. The orc closely misses you.
The orc barely misses you.
Casting: Ensorcelled Hibernation (safe; 11% risk of failure)
Confirm with . or Enter, or press ? or * to list all spells.
Aiming: Ensorcelled Hibernation (safe; 11% risk of failure)
Press: ? - help, Shift-Dir - straight line, f - orc priest
Aim: an orc priest, wielding a +1 hand axe of freezing (chance to affect: 44%)
The orc priest resists with some effort.
The orc priest closely misses you. The orc completely misses you.
The kobold closely misses you. The orc misses you. x2
You hit the orc priest.
The orc priest is moderately wounded.
The orc hits you with a +0 whip.
You die...

...##.#####........#..
....#...##............#
..................<...# ..
#..#...##.......#....# ..##
##.#).###.......#.)...
...###.....# ...............
##.#.......# #..............
#......8...# #..............
.........#####.........>...#.
....#.#...# #..o.o...........
....####... #...@o.........#
....# ... ###.oK.........#
>.# .##.# ............)###..#
##..# ..............##..##
##..# ...................##
....#.. ............8⌠......
....... ............# ..#....
#...8⌠.>...# ).#....
##.........# .......
###.8⌠....## ##....#
##.........#


You could see an orc priest, 3 orcs and a kobold.

Vanquished Creatures
  A scorpion (D:4)
  A bombardier beetle (D:3)
  4 adders
  A white imp (D:3)
  A dart slug (D:1)
  An orc (D:3)
  3 ball pythons
  4 endoplasms
  2 giant cockroaches
  8 goblins
  5 hobgoblins
  4 jackals (D:1)
  8 kobolds
  6 quokkas
  4 bats
  2 frilled lizards
  6 rats
61 creatures vanquished.

Notes
Turn   | Place    | Note
-------+----------+-------------------------------------------
     0 | D:1      | AlterAsc the Kobold Enchanter began the quest for the Orb.
     0 | D:1      | Reached XP level 1. HP: 10/10 MP: 3/3
   116 | D:1      | Reached XP level 2. HP: 15/15 MP: 5/5
   160 | D:1      | Learned a level 2 spell: Ensorcelled Hibernation
   407 | D:1      | Reached XP level 3. HP: 19/19 MP: 6/6
  1052 | D:2      | Reached XP level 4. HP: 24/24 MP: 7/7
  1504 | D:2      | Found a faded altar of an unknown god.
  1518 | D:2      | Prayed at the altar of an unknown god.
  1518 | D:2      | Became a worshipper of Makhleb the Destroyer
  1518 | D:2      | Reached * piety under Makhleb
  1780 | D:3      | Learned a level 3 spell: Confusing Touch
  1838 | D:3      | Reached skill level 5 in Stealth
  2030 | D:3      | Reached XP level 5. HP: 28/28 MP: 8/8
  2117 | D:3      | Reached skill level 1 in Ice Magic
  2530 | D:4      | Reached XP level 6. HP: 27/32 MP: 6/9
  2563 | D:4      | Found a staircase to the Ecumenical Temple.
  2570 | Temple   | Entered the Ecumenical Temple
  2594 | D:4      | Slain by an orc

Illustrated notes

Levels and vault maps discovered:
D:1:      dpeg_arrival_more_subterranean_lakeside_camping, layout_rooms,
          minmay_ruptured
D:2:      layout_basic, dreamdust_ecumenical_altar_hidden_monk_grotto,
          nicolae_half_adder
D:3:      layout_loops_ring
D:4:      layout_cave_pools, zin_academy, minmay_temple_entry_drinking_statues,
          gup_sewer_entry_pipe, serial_column_ruins, column_ruins_hut,
          column_ruins_columns_corner, column_ruins_grid_1,
          column_ruins_corridor_corner, column_ruins_grid_4,
          column_ruins_open_tiny
Temple:   minmay_temple_bridge_abc

Skill      XL: |  1  2  3  4  5 |
---------------+----------------+-----
Short Blades   | 2 3 4 |  4.5
Stealth        | 5 |  5.8
Ice Magic      | 1 |  1.0
Hexes          | 4 |  4.2
Dodging        | |  2.4
Spellcasting   | |  2.1

Action                     |  1- 3 |  4- 6 || total
---------------------------+-------+-------++-------
  Melee: Dagger            |    98 |    45 ||   143
         Punch             |     1 |     1 ||     2
   Cast: Ensorcelled Hiber |     5 |     5 ||    10
   Stab: Sleeping          |    19 |    16 ||    35
         Distracted        |       |     2 ||     2
 Armour: Robe              |    36 |    12 ||    48
  Dodge: Dodged            |    66 |    27 ||    93
